 Dungeon Sprint DCSS version 0.22.1-2-g9c5b331383 (webtiles) character file.

435 Radgan the Fighter (level 7, -2/70 HPs)
             Began as a Hill Orc Fighter on Jan 5, 2019.
             Was an Initiate of Trog.
             Slain by a deep troll (18 damage)
             ... in the Dungeon (Sprint I: "Red Sonja").
             The game lasted 00:04:55 (981 turns).

Radgan the Fighter (Hill Orc Fighter)                Turns: 981, Time: 00:04:55

Health: -2/70      AC:  8    Str: 21    XL:     7   Next: 0%
Magic:  7/7        EV:  9    Int:  8    God:    Trog [......]
Gold:   317        SH: 11    Dex: 10    Spells: 6/6 levels left

rFire    . . .     SeeInvis .   a - +0 rapier
rCold    . . .     Gourm    .   c - +0 shield
rNeg     . . .     Faith    .   b - +0 scale mail
rPois    .         Spirit   .   (no helmet)
rElec    .         Reflect  .   (no cloak)
rCorr    .         Harm     .   (no gloves)
MR       .....     NoTele   +   (no boots)
Stlth    ..........             (no amulet)
HPRegen  0.21/turn              (no ring)
MPRegen  0.10/turn              (no ring)

@: lethally poisoned (-2 -> -9), slowed, very slow
A: no striking features
a: Renounce Religion


You were in the Dungeon.
You worshipped Trog.
Trog was noncommittal.
You were not hungry.

You visited 1 branch You collected 317 gold pieces.

Inventory:

Hand Weapons
 a - a +0 rapier (weapon)
 l - a +0 club
 n - a cursed -3 giant spiked club
 o - a +0 scythe
Armour
 b - a +0 scale mail (worn)
 c - a +0 shield (worn)
 m - a +0 leather armour
 p - a +0 robe
Scrolls
 k - a scroll of blinking
Potions
 d - a potion of might
 e - a potion of curing
 g - a potion of heal wounds
 h - a potion of haste
 i - 2 potions of magic
 j - a potion of berserk rage
Comestibles
 f - a ration
 q - 2 chunks of flesh


   Skills:
 + Level 9.3 Fighting
 + Level 6.7 Short Blades
 + Level 9.2 Armour
 + Level 1.1 Dodging
 + Level 0.8 Stealth
 + Level 8.4 Shields


You had 6 spell levels left.
You didn't know any spells.
Your spell library was empty.

Dungeon Overview and Level Annotations

Branches:
Dungeon (1/1)

Altars:
Cheibriados
Dithmenos
Elyvilon
Fedhas
Gozag
Hepliaklqana
Kikubaaqudgha
Nemelex Xobeh
Okawaru
Qazlal
Ru
Sif Muna
Trog
Uskayaw
Vehumet
Wu Jian
Yredelemnul
Zin
The Shining One

Shops:
D *

Annotations:
D Sonja


Message History

Sonja unwields an uncursed enchanted blowgun.
Sonja wields an uncursed dagger of distortion.
Its appearance distorts for a moment.
You block Sonja's attack.
Sonja hits you with an uncursed dagger of distortion.
Space bends around you. Sonja barely misses you.
Found 108 gold pieces.
Your shield and scale mail prevent you from hitting Sonja.
You feel sick. Sonja hits you but does no damage. Sonja closely misses you.
Sonja hits you with an uncursed dagger of distortion.
Space warps horribly around you!
* * * LOW HITPOINT WARNING * * *
Sonja hits you with an uncursed dagger of distortion.
* * * LOW HITPOINT WARNING * * *
Sonja closely misses you. Sonja barely misses you.
You completely miss Sonja.
You feel sick. You block Sonja's attack.
Sonja hits you with an uncursed dagger of distortion.
* * * LOW HITPOINT WARNING * * *
You feel a strange sense of stasis. You block Sonja's attack.
The deep troll bites you!!
You die...

#..#####'#####'#
#..####..#...#.#
#..#__####..##.#
#..#_____##'#_.+
#⌠⌠#_.∩...'.§._#
####_..__##_.#+#
#_____###(#
#########.####+###
+$.@T$$.$$+
#$.K####### ##.##
#+#


You could see a deep troll and Sonja.

Vanquished Creatures
  A yak (D)
  Sigmund (D)
  An ogre (D)
  A jelly (D)
  Ijyb (D)
5 creatures vanquished.

Notes
Turn   | Place    | Note
-------+----------+-------------------------------------------
     0 | D        | Radgan the Hill Orc Fighter began the quest for the Orb.
     0 | D        | Reached XP level 1. HP: 19/19 MP: 1/1
     2 | D        | Noticed Ijyb
    16 | D        | Killed Ijyb
    16 | D        | Reached skill level 5 in Fighting
    16 | D        | Reached XP level 2. HP: 18/29 MP: 2/2
    16 | D        | Reached XP level 3. HP: 22/36 MP: 3/3
   326 | D        | Noticed an ogre
   333 | D        | Killed an ogre
   333 | D        | Reached XP level 4. HP: 35/45 MP: 4/4
   349 | D        | Noticed Sigmund
   372 | D        | Killed Sigmund
   372 | D        | Reached skill level 5 in Short Blades
   372 | D        | Reached XP level 5. HP: 7/56 MP: 5/5
   372 | D        | Reached XP level 6. HP: 8/62 MP: 6/6
   859 | D        | Found an ornate altar of the Wu Jian Council.
   859 | D        | Found a deep blue altar of Sif Muna.
   864 | D        | Found a radiant altar of Vehumet.
   914 | D        | Found Cyrerphua's General Store.
   914 | D        | Found an ancient bone altar of Kikubaaqudgha.
   914 | D        | Found a hazy altar of Hepliaklqana.
   914 | D        | Found a stormy altar of Qazlal.
   914 | D        | Found a hide-covered altar of Uskayaw.
   914 | D        | Found a blossoming altar of Fedhas.
   914 | D        | Found a bloodstained altar of Trog.
   914 | D        | Found an iron altar of Okawaru.
   914 | D        | Found a basalt altar of Yredelemnul.
   914 | D        | Found a glowing golden altar of the Shining One.
   914 | D        | Found a snail-covered altar of Cheibriados.
   914 | D        | Found a sacrificial altar of Ru.
   914 | D        | Found a glowing silver altar of Zin.
   914 | D        | Found a shadowy altar of Dithmenos.
   914 | D        | Found a white marble altar of Elyvilon.
   914 | D        | Noticed a yak
   927 | D        | Killed a yak
   927 | D        | Reached skill level 1 in Dodging
   927 | D        | Reached XP level 7. HP: 46/70 MP: 7/7
   928 | D        | Found an opulent altar of Gozag.
   931 | D        | Found a sparkling altar of Nemelex Xobeh.
   958 | D        | Became a worshipper of Trog the Wrathful
   975 | D        | Noticed Sonja
   979 | D        | Noticed a deep troll
   981 | D        | Slain by a deep troll

Skill      XL: |  1  2  3  4  5  6 |
---------------+-------------------+-----
Fighting       | 5 6 8 9 |  9.3
Armour         | 4 6 8 9 |  9.2
Shields        | 4 6 7 8 |  8.4
Short Blades   | 3 5 6 |  6.7
Dodging        | 1 |  1.1
Stealth        | |  0.8

Action                   |  1- 3 |  4- 6 |  7- 9 || total
-------------------------+-------+-------+-------++-------
Melee: Rapier            |    19 |    32 |     2 ||    53
Armor: Scale mail        |     6 |     4 |     1 ||    11
Dodge: Dodged            |     2 |     9 |     4 ||    15
Block: Shield            |     7 |     5 |     6 ||    18
